 Dungeon Crawl Stone Soup version 0.32-a0-42-ga30500b4d3 (webtiles) character file.

Game seed: 6287001339267887759

66289 CougarLife the Brawler (level 14, -1/143 HPs)
             Began as a Troll Fighter on Jan 26, 2024.
             Was a High Priest of Okawaru.
             Slain by an orc warlord
             ... wielding a +0 battleaxe of freezing
              (2 damage)
             ... on level 1 of the Orcish Mines on Jan 28, 2024.
             The game lasted 00:48:50 (18867 turns).

CougarLife the Brawler (Troll Fighter)             Turns: 18867, Time: 00:48:50

Health: -1/143     AC: 23    Str: 29    XL:     14   Next: 78%
Magic:  14/19      EV: 10    Int:  6    God:    Okawaru [*****.]
Gold:   1824       SH: 16    Dex:  9    Spells: 13/13 levels left

rFire   + .          .
                       - Unarmed
rCold   . . .        b - +0 kite shield
rNeg    . . .        V - quicksilver dragon scales "Gynaun" {rPois Will+}
rPois   +            (helmet restricted)
rElec   .            v - +2 cloak
rCorr   .            (gloves unavailable)
SInv    .            (boots unavailable)
Will    ++...        s - amulet of reflection
Stlth   ++           C - +4 ring of protection
HPRegen 1.23/turn    I - ring of protection from fire
MPRegen 0.16/turn

%: reflection
@: heroic, finesse-ful
A: large, unfitting armour, claws 3, regeneration 1, shaggy fur 1, tough skin 1
a: Renounce Religion, Heroism, Finesse, Duel


You were on level 1 of the Orcish Mines.
You worshipped Okawaru.
Okawaru was extremely pleased with you.
You visited 4 branches of the dungeon, and saw 19 of its levels.
You also visited: Volcano.

You collected 1824 gold pieces.

Inventory:

Missiles
 w - 33 poisoned darts (quivered)
 z - 12 boomerangs
 E - a curare-tipped dart
 H - 3 throwing nets
 L - 5 javelins
 M - 7 large rocks
 R - 6 silver javelins
Armour
 b - a +0 kite shield (worn)
 v - a +2 cloak (worn)
 V - the quicksilver dragon scales "Gynaun" (worn) {rPois Will+}
   (Okawaru gifted it to you on level 2 of the Lair of Beasts)

   rPois:     It protects you from poison Will+: It increases your willpower.
Jewellery
 s - an amulet of reflection (around neck)
 C - a +4 ring of protection (left claw)
 D - a ring of flight
 I - a ring of protection from fire (right claw)
 N - a ring of ice
 O - a ring of fire
Wands
 o - a wand of roots (5)
 r - a wand of flame (8)
 t - a wand of mindburst (8)
 A - a wand of digging (6)
Scrolls
 a - 2 scrolls of revelation {unknown}
 e - 3 scrolls of enchant armour
 f - a scroll of vulnerability {unknown}
 g - 3 scrolls of blinking
 l - 3 scrolls of torment
 q - 2 scrolls of enchant weapon {unknown}
 u - 6 scrolls of teleportation
 y - 2 scrolls of fog {unknown}
 B - 3 scrolls of fear {unknown}
 F - 2 scrolls of poison {unknown}
 K - a scroll of noise {unknown}
 Q - a scroll of amnesia {unknown}
 S - 4 scrolls of immolation
 U - a scroll of brand weapon {unknown}
Potions
 d - 6 potions of degeneration
 h - 3 potions of invisibility
 i - 3 potions of attraction
 j - 4 potions of mutation {unknown}
 k - a potion of berserk rage {unknown}
 m - 3 potions of ambrosia {unknown}
 n - 3 potions of enlightenment {unknown}
 p - 5 potions of curing {unknown}
 x - a potion of brilliance {unknown}
 G - a potion of heal wounds {unknown}
 J - 3 potions of resistance {unknown}
 T - 2 potions of haste {unknown}
 X - 2 potions of might
 Y - a potion of cancellation {unknown}
 Z - a potion of magic {unknown}
Miscellaneous
 P - a phial of floods


   Skills:
 - Level 10.1(15.1) Fighting
 - Level 9.0(14.0) Throwing
 + Level 7.0(12.0) Armour
 - Level 3.0(8.0) Dodging
 - Level 8.1(13.1) Shields
 - Level 16.0(21.0) Unarmed Combat
 - Level 9.1 Invocations


You had 13 spell levels left.
You didn't know any spells.
Your spell library contained the following spells:

 Spells                   Type           Power      Damage    Failure   Level
 Slow                     Hex            0%         N/A       67%         1
 Cigotuvi's Dreadful Rot  Necr/Alch/Air  0%         N/A       82%         2
 Mercury Vapours          Alch/Air       0%         N/A       82%         2
 Momentum Strike          Conj/Tloc      0%         3d8       82%         2
 Confusing Touch          Hex            0%         N/A       96%         3
 Mephitic Cloud           Conj/Alch/Air  0%         N/A       96%         3
 Sigil of Binding         Hex            0%         N/A       96%         3
 Vampiric Draining        Necr           0%         2d6       96%         3
 Anguish                  Hex/Necr       0%         N/A       100%        4
 Cause Fear               Hex            0%         N/A       100%        4
 Ignite Poison            Fire/Alch      0%         N/A       100%        4
 Freezing Cloud           Conj/Ice/Air   0%         6-21      100%        5
 Enfeeble                 Hex            0%         N/A       100%        7


Dungeon Overview and Level Annotations

Branches:
Dungeon (11/15)            Temple (1/1) D:5            Lair (5/5) D:10
 Shoals (0/4) Lair:3       Spider (0/4) Lair:2        Slime (0/5) Lair:5
    Orc (2/2) D:10            Elf (0/3) Orc:2       Volcano (visited)

Altars:
Ashenzari
Cheibriados
Dithmenos
Elyvilon
Fedhas
Gozag
Hepliaklqana
Kikubaaqudgha
Makhleb
Nemelex Xobeh
Okawaru
Qazlal
Ru
Sif Muna
Trog
Uskayaw
Vehumet
Wu Jian
Xom
Yredelemnul
Zin
The Shining One

Shops:
D:10 [   Orc:2 :*

Annotations:
Orc:2 2 runed translucent doors, Rupert


Innate Abilities, Weirdness & Mutations

You are too large for most types of armour.
You have claws for hands.
Your natural rate of healing is unusually fast.
You are covered in fur. (AC +1)
You have tough skin. (AC +1)


Message History

The orc warlord is lightly wounded.
You block the orc's attack.
The orc warlord hits you with a +0 battleaxe of freezing!!
The orc warlord freezes you! You block the orc's attack.
You barely miss the orc warlord.
The orc warlord is lightly wounded.
You block the orc's attack. You block the orc warlord's attack.
The orc barely misses you.
You closely miss the orc warlord.
The orc warlord is lightly wounded.
You can now deal lightning-fast blows.
You block the orc's attack.
The orc warlord hits you with a +0 battleaxe of freezing!
The orc warlord freezes you. You block the orc's attack.
You claw the orc warlord!
The orc warlord is moderately wounded.
You block the orc's attack. You block the orc warlord's attack.
You block the orc's attack.
You barely miss the orc warlord.
The orc warlord is moderately wounded.
You scratch the orc warlord but do no damage.
The orc warlord is moderately wounded.
You claw the orc warlord!
The orc warlord is moderately wounded.
The orc closely misses you.
The orc warlord hits you with a +0 battleaxe of freezing!!!
The orc warlord freezes you!!
* * * LOW HITPOINT WARNING * * *
You block the orc's attack.
You scratch the orc warlord.
The orc warlord is heavily wounded.
You mangle the orc warlord!!
The orc warlord is heavily wounded.
You mangle the orc warlord!!
The orc warlord is almost dead.
You block the orc's attack.
The orc warlord hits you with a +0 battleaxe of freezing!!
* * * LOW HITPOINT WARNING * * *
The orc warlord freezes you.
You die...

#.....###.#...).)).).........
##....##......)....[).....#..
###
#.........#....).[.....###...
#.####.....#..#...[...#....#
##..
...###.#.............###...#
###
#...#......#.........###..##
#....#................#...#
##..............oo...###.##
##............†@)...##...##
##.#.........)o..........#
###................#...##
##...#...............##
##....#.#......#.#.....#
#........#.............#
##.##.#.###..#.#.#..#.##
######## #############


You could see an orc warlord (strong) and 2 orcs.

Vanquished Creatures
  Azrael (Orc:2)
  Harold (Orc:1)
  2 hydras
  Erolcha (Orc:1)
  A merfolk avatar (Lair:5)
  Erica (Lair:1)
  4 two-headed ogres
  2 boulder beetles (Lair:4)
  3 death yaks (Lair:5)
  A hell hog (Volcano)
  2 orc high priests
  Urug (Lair:2)
  A fire crab (Volcano)
  3 skysharks
  3 harpies (Lair:3)
  An oklob plant (Lair:4)
  2 manticores
  An orc sorcerer (Orc:1)
  3 orc knights
  A cyclops (D:11)
  19 elephants
  A molten gargoyle (Volcano)
  3 gargoyles
  11 cane toads
  2 torpor snails (Lair:5)
  2 black mambas
  13 komodo dragons
  4 rime drakes (Lair:5)
  3 burning bushes (Lair:2)
  7 trolls
  4 hornets
  2 polar bears (Lair:5)
  17 blink frogs
  A wind drake (Lair:5)
  18 dream sheep
  2 snapping turtles (Lair:5)
  3 culicivoras (Lair:2)
  2 shadows
  31 yaks
  5 wargs
  8 wyverns
  5 fire bats (Volcano)
  Grum (D:8)
  5 basilisks
  A steam dragon (D:10)
  5 vampire mosquitoes
  3 fire elementals (Orc:2)
  3 acid dragons (D:9)
  14 two-headed ogre zombies (Orc:1)
  4 hell hounds
  8 water moccasins
  19 orc warriors
  A sky beast (D:7)
  An ice beast (D:5)
  3 black bears
  13 wolves
  2 centaurs
  8 ogres
  3 kobold brigands
  3 phantoms
  12 bullfrogs
  A gnoll sergeant (D:11)
  3 scorpions
  3 wights (D:6)
  29 killer bees
  2 howler monkeys
  5 lava snakes (Volcano)
  2 jellies
  3 hounds
  12 orc priests
  2 sleepcaps
  6 iguanas
  Natasha (thrice) (D:3)
  10 orc wizards
  Ijyb (D:3)
  4 adders
  13 gnolls
  4 shadow imps
  2 white imps
  2 dart slugs
  2 ribbon worms
  57 orcs
  5 ball pythons
  5 endoplasms
  A giant cockroach (D:2)
  8 goblins
  9 hobgoblins
  2 quokkas (D:4)
  4 bats
  2 frilled lizards
  16 kobolds
  2 rats (D:2)
527 creatures vanquished.

Vanquished Creatures (others)
  A steam dragon (Volcano)
1 creature vanquished.

Grand Total: 528 creatures vanquished

Notes
Turn   | Place    | Note
-------+----------+-------------------------------------------
     0 | D:1      | CougarLife the Troll Fighter began the quest for the Orb.
     0 | D:1      | Reached XP level 1. HP: 22/22 MP: 0/0
   145 | D:1      | Found a faded altar of an unknown god.
   333 | D:1      | Reached XP level 2. HP: 29/29 MP: 1/1
  1138 | D:3      | Reached XP level 3. HP: 36/36 MP: 2/2
  1228 | D:3      | Reached skill level 3 in Unarmed Combat
  1309 | D:3      | Noticed Natasha
  1312 | D:3      | Killed Natasha
  1313 | D:3      | Reached skill level 4 in Unarmed Combat
  1313 | D:3      | Reached XP level 4. HP: 44/44 MP: 3/3
  1510 | D:3      | Noticed Ijyb
  1519 | D:3      | Killed Ijyb
  1795 | D:3      | Noticed Natasha
  1800 | D:3      | Killed Natasha
  1801 | D:3      | Reached XP level 5. HP: 48/50 MP: 4/4
  1853 | D:3      | Noticed Natasha
  1863 | D:3      | Killed Natasha
  1864 | D:3      | Reached skill level 5 in Unarmed Combat
  1951 | D:4      | Noticed an ogre
  1956 | D:4      | Killed an ogre
  2027 | D:4      | Reached skill level 6 in Unarmed Combat
  2027 | D:4      | Reached XP level 6. HP: 43/59 MP: 5/5
  2058 | D:4      | Identified the +1 short sword of Alerch {flame, rElec rPois
                  | Str-5 Stlth+}
  2065 | D:4      | Found a blossoming altar of Fedhas.
  2322 | D:4      | Reached skill level 7 in Unarmed Combat
  2560 | D:5      | Entered Level 5 of the Dungeon
  2577 | D:5      | Reached XP level 7. HP: 60/66 MP: 6/6
  2692 | D:5      | Found a basalt altar of Yredelemnul.
  2823 | D:5      | Reached skill level 8 in Unarmed Combat
  3028 | D:5      | Found a hazy altar of Hepliaklqana.
  3183 | D:5      | Found a staircase to the Ecumenical Temple.
  3248 | D:5      | Reached XP level 8. HP: 79/79 MP: 7/7
  3692 | D:6      | Reached skill level 5 in Fighting
  4415 | D:6      | Found a bloodstained altar of Trog.
  4499 | D:6      | Found a shimmering blue altar of Sif Muna.
  4507 | D:6      | Got Sif Muna's Codex of Topology
  4984 | Temple   | Entered the Ecumenical Temple
  5070 | D:7      | Reached skill level 5 in Shields
  5169 | D:7      | Noticed a troll
  5187 | D:7      | Killed a troll
  5188 | D:7      | Reached XP level 9. HP: 30/88 MP: 8/8
  5424 | D:7      | Noticed a manticore
  5431 | D:7      | Killed a manticore
  5432 | D:7      | Reached skill level 9 in Unarmed Combat
  5789 | D:7      | Found an ornate altar of the Wu Jian Council.
  5927 | D:8      | Noticed Grum
  6135 | D:8      | Found an iron altar of Okawaru.
  6142 | D:8      | Became a worshipper of Warmaster Okawaru
  6154 | D:7      | Reached skill level 10 in Unarmed Combat
  6512 | D:8      | Killed Grum
  6614 | D:8      | Reached skill level 11 in Unarmed Combat
  6646 | D:8      | Reached skill level 1 in Invocations
  7337 | D:9      | Reached * piety under Okawaru
  7531 | D:9      | Reached XP level 10. HP: 95/96 MP: 11/11
  7948 | D:9      | Reached skill level 5 in Invocations
  7997 | D:9      | Noticed a two-headed ogre
  8005 | D:9      | Killed a two-headed ogre
  8005 | D:9      | Reached ** piety under Okawaru
  8252 | D:10     | Entered Level 10 of the Dungeon
  8531 | D:10     | Found a staircase to the Lair.
  8681 | D:10     | Reached *** piety under Okawaru
  8852 | D:10     | Noticed a gargoyle
  8857 | D:10     | Killed a gargoyle
  8879 | D:10     | Found a staircase to the Orcish Mines.
  8909 | D:10     | Found Narygi's Superior Scales.
  9185 | D:10     | Found a hide-covered altar of Uskayaw.
  9192 | D:10     | Found a white marble altar of Elyvilon.
  9420 | D:11     | Reached XP level 11. HP: 88/104 MP: 16/16
  9607 | D:11     | Identified the +7 quarterstaff "Cutzaobleq" {venom, Will+
                  | Int+5}
  9663 | D:11     | Reached **** piety under Okawaru
 10334 | Lair:1   | Entered Level 1 of the Lair of Beasts
 10466 | Lair:1   | Reached skill level 1 in Throwing
 10466 | Lair:1   | Reached skill level 12 in Unarmed Combat
 10595 | Lair:1   | Reached ***** piety under Okawaru
 11146 | Lair:1   | Received a gift from Okawaru
 11237 | Lair:1   | Noticed Erica
 11258 | Lair:1   | Killed Erica
 11728 | Lair:2   | Reached skill level 13 in Unarmed Combat
 11856 | Lair:2   | Noticed Urug
 11874 | Lair:2   | Killed Urug
 11875 | Lair:2   | Reached XP level 12. HP: 114/114 MP: 10/17
 12186 | Lair:2   | Reached skill level 14 in Unarmed Combat
 12189 | Lair:2   | Found a dark tunnel.
 12195 | Volcano  | Entered a volcano
 12224 | Volcano  | Reached skill level 5 in Throwing
 12595 | Volcano  | Found a burning altar of Makhleb.
 12653 | Volcano  | Noticed a hell hog
 12656 | Volcano  | Killed a hell hog
 12805 | Lair:2   | Found a hole to the Spider Nest.
 12858 | Lair:2   | Received a gift from Okawaru
 13015 | Lair:2   | Reached skill level 15 in Unarmed Combat
 13338 | Lair:3   | Found a staircase to the Shoals.
 13482 | Lair:3   | Received a gift from Okawaru
 13636 | Lair:3   | Reached ****** piety under Okawaru
 13956 | Lair:3   | Reached XP level 13. HP: 118/126 MP: 18/18
 14382 | Lair:2   | Acquired the quicksilver dragon scales "Gynaun" {rPois
                  | Will+}
 14382 | Lair:2   | Received a gift from Okawaru
 14397 | Lair:2   | Acquired the +9 broad axe of Luroikep {freeze, *Noise rC+
                  | Str+2}
 14397 | Lair:2   | Received a gift from Okawaru
 14757 | Lair:4   | Reached skill level 16 in Unarmed Combat
 15160 | Lair:4   | Received a gift from Okawaru
 15768 | Lair:5   | Entered Level 5 of the Lair of Beasts
 15784 | Lair:4   | Reached skill level 10 in Fighting
 15977 | Lair:5   | Reached skill level 1 in Armour
 16041 | Lair:5   | Received a gift from Okawaru
 16179 | Lair:5   | Reached skill level 5 in Armour
 16396 | Lair:5   | Reached XP level 14. HP: 141/143 MP: 19/19
 16604 | Lair:5   | Received a gift from Okawaru
 16946 | Lair:5   | Found a staircase to the Slime Pits.
 17021 | Lair:5   | Identified the +1 trident of the Equinox {freeze, Dex+3}
 17333 | Orc:1    | Entered Level 1 of the Orcish Mines
 17385 | Orc:1    | Noticed Harold
 17391 | Orc:1    | Killed Harold
 17743 | Orc:1    | Received a gift from Okawaru
 17773 | Orc:1    | Noticed Erolcha
 17787 | Orc:1    | Killed Erolcha
 18282 | Orc:2    | Entered Level 2 of the Orcish Mines
 18282 | Orc:2    | Found Kioh's General Store.
 18289 | Orc:2    | Noticed Rupert
 18290 | Orc:2    | Noticed Azrael
 18389 | Orc:2    | Noticed an orc warlord
 18401 | Orc:1    | Received a gift from Okawaru
 18418 | Orc:2    | Found a staircase to the Elven Halls.
 18471 | Orc:2    | Found a runed translucent gate.
 18471 | Orc:2    | Found a runed translucent gate.
 18600 | Orc:2    | Killed Azrael
 18663 | Orc:2    | Found Pearchuq's Book Boutique.
 18867 | Orc:1    | HP: 1/143 [orc warlord/+0 battleaxe of freezing (32)]
 18867 | Orc:1    | Slain by an orc warlord

Illustrated notes

Levels and vault maps discovered:
D:1:      dpeg_arrival_tiny_g, layout_loops_ring,
          shapermc_ecumenical_altar_mp_highgroup, nrook_mini_vaults,
          minmay_misc_feat_columns
D:2:      layout_rooms
D:3:      layout_basic, uniq_ijyb, uniq_natasha
D:4:      layout_basic, fedhas_altar_3, kennysheep_generic_room_3
D:5:      layout_layer_cave, overflow_temple_1_default,
          mainiacjoe_overflow_24_doors, minmay_temple_entry_statues_pillars
D:6:      layout_layer_cave, nzn_overflow_gifts_of_might_and_magic,
          hangedman_glass_teeth
D:7:      layout_cave_pools, pdpol_wu_jian_five_deadly_venoms,
          amcnicky_mini_corridor_feature, nicolae_hexahallways, st_stairs_9
D:8:      layout_cave_pods, overflow_temple_1_default, minmay_misc_feat_chi,
          uniq_grum
D:9:      layout_basic
D:10:     layout_basic, amethyst_overflow_temple_binary,
          erik_lair_orcish_takeover, orc_0_dummy, hellmonk_scale_shop
D:11:     layout_basic, mrwooster_statue_mirror
Temple:   cyrus_circular_temple
Lair:1:   layout_layer_cave, uniq_erica
Lair:2:   layout_roguey, hellmonk_spider_entry_life_and_decay, enter_volcano_1,
          evilmike_ambush [evilmike_ambush_outer_basic,
          evilmike_ambush_inner_basic], lemuel_fruit_tree, uniq_urug
Lair:3:   layout_layer_cave, nicolae_shoals_entry_roost, minmay_hedge_maze
Lair:4:   gammafunk_indiana_jones, layout_long_grid, lemuel_fruit_fields
Lair:5:   gammafunk_lair_ancient_temple, layout_concentric_octagons,
          slime_entry_1, infiniplex_staircase_pool
Orc:1:    lemuel_ogre_cave, layout_caves, minmay_orc_temple_a, uniq_harold
Orc:2:    grunt_orc_gardens, layout_caves, grunt_orc_garden, grunt_orc_garden,
          grunt_orc_garden, grunt_orc_garden, gammafunk_ghost_necromancy,
          uniq_rupert, uniq_azrael

Skill      XL: |  1  2  3  4  5  6  7  8  9 10 11 12 13 14 |
---------------+-------------------------------------------+-----
Dodging        | 3 |  3.0
Unarmed Combat | 4 6 7 8 11 13 15 16 | 16.0
Fighting       | 4 5 6 7 10 | 10.1
Shields        | 6 8 |  8.1
Invocations    | 3 9 |  9.1
Throwing       | 4 5 9 |  9.0
Armour         | 6 7 |  7.0

Action                     |  1- 3 |  4- 6 |  7- 9 | 10-12 | 13-15 || total
---------------------------+-------+-------+-------+-------+-------++-------
  Melee: Unarmed           |    65 |    90 |   310 |   634 |   700 ||  1799
         Scimitar          |       |       |       |       |     8 ||     8
  Throw: Dart              |       |       |    17 |    38 |    33 ||    88
         Boomerang         |       |       |       |       |    33 ||    33
         Large rock        |       |       |       |       |     5 ||     5
         Javelin           |       |       |       |       |     7 ||     7
 Invoke: Heroism           |       |       |       |     6 |    11 ||    17
         Finesse           |       |       |       |     2 |     1 ||     3
         Receive Weapon    |       |       |       |       |     1 ||     1
         Receive Armour    |       |       |       |       |     1 ||     1
  Evoke: Wand              |       |     4 |    11 |     4 |       ||    19
    Use: Potion            |       |       |     1 |       |       ||     1
         Scroll            |       |       |     4 |     2 |     4 ||    10
   Stab: Sleeping          |     2 |     1 |       |       |       ||     3
 Armour: Robe              |    24 |    42 |   145 |       |       ||   211
         Animal skin       |       |       |    22 |    38 |       ||    60
         Acid dragon scale |       |       |       |   305 |     3 ||   308
         Quicksilver drago |       |       |       |       |   513 ||   513
  Dodge: Dodged            |    19 |    13 |    77 |   142 |   189 ||   440
  Block: Kite shield       |    18 |    38 |   238 |   359 |   601 ||  1254
         Reflection        |       |       |     6 |    11 |     3 ||    20

Table legend: (Time is in decaauts)
 A = Elapsed time spent in this place.
 B = Non-inter-level travel time spent in this place.
 C = Inter-level travel time spent in this place.
 D = Time resting spent in this place.
 E = Time spent auto-exploring this place.
 F = Levels seen in this place.
 G = Mean time per level.
                   A        B        C        D        E       F      G
               +--------+--------+--------+--------+--------+-----+--------+
         Total |  18618 |  17522 |   1096 |   1736 |  10703 |  20 |  930.9 |
       Dungeon |  10342 |   9558 |    784 |    721 |   7037 |  11 |  940.2 |
        Temple |     15 |      8 |      7 |      0 |      0 |   1 |   15.0 |
          Lair |   6243 |   5959 |    284 |    650 |   3320 |   5 | 1248.6 |
  Orcish Mines |   1459 |   1440 |     19 |    305 |    320 |   2 |  729.5 |
       Volcano |    557 |    557 |      0 |     60 |     26 |   1 |  557.0 |
               +--------+--------+--------+--------+--------+-----+--------+

Top non-repeatable levels by time:
     D:6: 1451 daAuts
  Lair:1: 1423 daAuts
  Lair:4: 1414 daAuts
  Lair:3: 1365 daAuts
     D:9: 1286 daAuts
   Orc:1: 1206 daAuts
     D:7: 1148 daAuts
    D:10: 1117 daAuts
  Lair:5: 1078 daAuts
     D:5: 1057 daAuts
  Lair:2: 962 daAuts
     D:8: 884 daAuts
    D:11: 822 daAuts
     D:3: 813 daAuts
     D:1: 705 daAuts
